 Dungeon Crawl Stone Soup version 0.23-a0-641-g0a7f1ce553 (webtiles) character file.

198 HereIgoKillingAgain the Chopper (level 5, -3/41 HPs)
             Began as a Demonspawn Fighter on Dec 30, 2018.
             Slain by a centaur (7 damage)
             ... on level 5 of the Dungeon.
             The game lasted 00:01:17 (2457 turns).

HereIgoKillingAgain the Chopper (DsFi)              Turns: 2457, Time: 00:01:18

Health: -3/41      AC:  6    Str: 17    XL:     5   Next: 47%
Magic:  5/5        EV:  9    Int: 10    God:
Gold:   79         SH:  0    Dex: 12    Spells: 4/4 levels left

rFire    . . .     SeeInvis .   a - +0 war axe
rCold    . . .     Gourm    .   (no shield)
rNeg     . . .     Faith    .   b - +0 scale mail
rPois    +         Spirit   .   (no helmet)
rElec    .         Reflect  .   (no cloak)
rCorr    .         Harm     .   (no gloves)
MR       .....                  (no boots)
Stlth    ..........             (no amulet)
HPRegen  0.13/turn              n - ring of poison resistance
MPRegen  0.09/turn              (no ring)

@: no status effects
A: claws 1, hooves 1
a: no special abilities


You were on level 5 of the Dungeon.
You were hungry.

You visited 2 branches of the dungeon, and saw 5 of its levels.

You collected 79 gold pieces.

Inventory:

Hand Weapons
 a - a +0 war axe (weapon)
Armour
 b - a +0 scale mail (worn)
Jewellery
 n - a ring of poison resistance (left claw)
Scrolls
 c - 2 scrolls of remove curse {unknown}
 i - 5 scrolls of identify {unknown}
 j - 3 scrolls of fear {unknown}
 l - 2 scrolls of teleportation {unknown}
 o - a scroll of fog {unknown}
Potions
 d - a potion of might
 e - a potion of degeneration {unknown}
 g - 3 potions of haste {unknown}
 h - a potion of heal wounds {unknown}
 k - a potion of agility {unknown}
 m - a potion of flight {unknown}
Comestibles
 f - 4 rations


   Skills:
 - Level 3.0 Fighting
 + Level 5.3 Axes
 - Level 2.6 Armour
   Level 2.6 Shields


You had 4 spell levels left.
You didn't know any spells.
Your spell library was empty.

Dungeon Overview and Level Annotations

Branches:
Dungeon (5/15)             Temple (1/1) D:4

Altars:
Ashenzari
Cheibriados
Dithmenos
Fedhas
Gozag
Kikubaaqudgha
Okawaru
Qazlal
Sif Muna
Trog
Uskayaw
Vehumet
Wu Jian
Zin


Innate Abilities, Weirdness & Mutations

You have sharp fingernails.
You have large cloven feet.


Message History

The centaur hits you but does no damage.
A sky beast appears from thin air!
Reactivating autopickup.
The centaur hits you.
You are too injured to fight recklessly!
Unknown command.
You are too injured to fight recklessly!
You are too injured to fight recklessly!
You hit the centaur. You kick the centaur, but do no damage.
The centaur is lightly wounded.
The centaur hits you!
* * * LOW HITPOINT WARNING * * *
The centaur hits you.
* * * LOW HITPOINT WARNING * * *
You slash the centaur! Your kick misses the centaur.
The centaur is almost dead.
The centaur hits you.
* * * LOW HITPOINT WARNING * * *
The sky beast misses you. The centaur hits you!
You die...

....
....#+##+####+###
#..............#
#..............#
#..............#
#..............#
+..c...........#
#..Y@(.........#
#.........(....#
#........(.....#
.......######'####
........#........#
........#>.......#
........#........#
........#.####...#
######.####...#


You could see a sky beast and a centaur.

Vanquished Creatures
  A hound (D:4)
  An orc priest (D:4)
  2 orc wizards (D:4)
  2 hound skeletons (D:4)
  3 adders (D:4)
  An adder skeleton (D:4)
  A leopard gecko (D:1)
  5 orcs (D:4)
  2 ball pythons (D:4)
  A giant cockroach (D:1)
  A goblin (D:1)
  3 hobgoblins (D:1)
  3 kobolds (D:1)
  4 bats (D:1)
  4 frilled lizards
34 creatures vanquished.

Notes
Turn   | Place    | Note
-------+----------+-------------------------------------------
     0 | D:1      | HereIgoKillingAgain the Demonspawn Fighter began the quest
                  | for the Orb.
     0 | D:1      | Reached XP level 1. HP: 18/18 MP: 1/1
   169 | D:1      | Reached skill level 2 in Axes
   272 | D:1      | Gained mutation: You have large cloven feet. [demonic
                  | ancestry]
   272 | D:1      | Reached XP level 2. HP: 24/24 MP: 2/2
   830 | D:2      | You fall through a shaft for 2 floors!
   838 | D:4      | Reached skill level 3 in Axes
   838 | D:4      | Reached XP level 3. HP: 26/29 MP: 3/3
   902 | D:4      | Found a staircase to the Ecumenical Temple.
  1198 | Temple   | Entered the Ecumenical Temple
  1747 | D:4      | Reached skill level 4 in Axes
  1747 | D:4      | Reached XP level 4. HP: 19/35 MP: 4/4
  2138 | D:4      | Gained mutation: You have sharp fingernails. [demonic
                  | ancestry]
  2138 | D:4      | Reached XP level 5. HP: 22/41 MP: 5/5
  2144 | D:4      | Reached skill level 5 in Axes
  2426 | D:5      | Entered Level 5 of the Dungeon
  2449 | D:5      | Noticed a centaur
  2451 | D:5      | Noticed a sky beast
  2457 | D:5      | Slain by a centaur

Vault maps used:
D:1:      matt_arrival_los_fun, minmay_parallelograms
D:2:      minmay_misc_feat_doors, hex_tiny
D:4:      minmay_temple_entry_grid, first_ration, minmay_misc_feat_diagonals,
          kennysheep_generic_room_11
D:5:      lemuel_doored_altar, sigmund_edmund_badplayer
Temple:   regret_index_temple_generic_petals

Skill      XL: |  1  2  3  4  5 |
---------------+----------------+-----
Axes           | 2 3 4 5 |  5.3
Fighting       | |  3.0
Armour         | |  2.6
Shields        | |  2.6

Action                   |  1- 3 |  4- 6 || total
-------------------------+-------+-------++-------
Melee: War axe           |    85 |    35 ||   120
       Kick              |     9 |     6 ||    15
  Eat: Ration            |     1 |       ||     1
       Chunk             |       |     1 ||     1
Armor: Scale mail        |    50 |    20 ||    70
Dodge: Dodged            |    51 |    23 ||    74

Table legend:
 A = Non-vault XP
 B = Vault XP
 C = Vault XP percentage of total XP
 D = Non-vault monster count
 E = Vault monster count
 F = Vault count percentage of total count
                 A         B        C        D         E       F
            +---------+---------+-------+---------+---------+-------
      Total |     284 |       0 |   0.0 |      34 |       0 |   0.0
            +---------+---------+-------+---------+---------+-------
        D:1 |      25 |       0 |   0.0 |      15 |       0 |   0.0
        D:4 |     259 |       0 |   0.0 |      19 |       0 |   0.0
            +---------+---------+-------+---------+---------+-------
